Islanders vs Capitals
Created - March 23, 2023 at 19:09
Goals
|
| Islanders |
0 |
1 |
0 |
1 |
| Capitals |
0 |
0 |
3 |
3 |
|
Shots
|
| Islanders |
6 |
11 |
14 |
31 |
| Capitals |
10 |
7 |
12 |
29 |
|
1st period
No Goal
Penalties :
Rick Nash (NyI) for Interference (Minor) at 11:43, Rick Nash (NyI) for High sticking (Minor) at 14:05
2nd period
1. Islanders , Emerson Etem 9 (Ryan Ellis 51) at 10:21
Penalties :
Frans Nielsen (NyI) for Roughing (Minor) at 10:40, Jared Spurgeon (Was) for Roughing (Minor) at 19:59
3rd period
2. Capitals , Patrick Kane 25 (Nicklas Backstrom 33, Taylor Hall 31) at 4:32
3. Capitals , Joe Colborne 7 (Brian Ferlin 10, Jeff Skinner 14) at 13:54
4. Capitals , Patrick Kane 26 (Mike Green 16, Nicklas Backstrom 34) at 13:58
Penalties :
Michael Latta (NyI) for Hooking (Minor) at 8:33
Goalie Stats
Marc-André Fleury (NyI), 26 saves from 29 shots - (0.897), L, 16-12-5, 60:00 minutes
Cory Schneider (Was), 30 saves from 31 shots - (0.968), W, 19-16-2, 60:00 minutes
Players Stats for Islanders
Player Name G A P +/- PIM S H SB GA TA FO MP PP MP PK MP
------------------------------------------------------------------------------------
Andrew Shaw 0 0 0 0 0 1 0 0 0 0 0/0 7:39 0:00 0:00
Brock McGinn 0 0 0 -1 0 5 3 0 0 0 0/1 19:16 1:09 2:24
Carl Klingberg 0 0 0 0 0 2 2 1 0 0 1/1 7:27 0:00 0:00
Craig Smith 0 0 0 -1 0 2 2 0 1 0 0/0 12:26 0:00 0:00
Dylan McIlrath 0 0 0 -1 0 0 2 1 0 1 0/0 13:51 0:00 0:00
Emerson Etem 1 0 1 -1 0 2 0 0 1 0 0/0 15:49 0:00 2:58
Frans Nielsen 0 0 0 -1 2 1 2 0 0 0 6/21 18:45 1:09 1:51
Justin Falk 0 0 0 -1 0 1 1 2 0 0 0/0 13:51 0:00 0:00
Melker Karlsson 0 0 0 -1 0 2 0 0 0 0 4/8 12:52 0:00 0:07
Michael Latta 0 0 0 0 2 2 1 0 1 0 0/3 8:18 0:00 0:00
Nikita Zadorov 0 0 0 -1 0 1 0 3 0 0 0/0 21:31 0:58 3:40
Pierre-Edouard Bellemare 0 0 0 0 0 1 0 0 0 0 3/11 16:11 0:50 2:09
Rick Nash 0 0 0 0 4 4 0 1 0 0 1/2 17:00 0:50 1:58
Ryan Ellis 0 1 1 0 0 2 1 0 0 0 0/0 24:38 1:01 4:16
Sergei Plotnikov 0 0 0 0 0 2 0 0 0 1 0/0 15:01 0:50 0:00
Vladimir Tarasenko 0 0 0 -1 0 1 3 0 0 1 1/7 21:16 1:09 4:25
Wes O'Neill 0 0 0 -1 0 2 0 0 1 0 0/0 21:31 0:58 3:40
Yann Sauvé 0 0 0 0 0 0 3 2 0 3 0/0 24:38 1:01 4:16
Players Stats for Capitals
Player Name G A P +/- PIM S H SB GA TA FO MP PP MP PK MP
------------------------------------------------------------------------------------
Alexei Marchenko 0 0 0 1 0 1 0 3 0 2 0/0 21:22 3:54 0:40
Ben Hutton 0 0 0 1 0 0 1 1 0 0 0/0 12:38 0:00 0:00
Blake Pietila 0 0 0 0 0 3 2 0 2 1 0/0 16:46 3:24 0:32
Brian Ferlin 0 1 1 0 0 0 1 0 0 0 0/0 12:32 0:00 0:00
Cody Hodgson 0 0 0 0 0 2 1 0 1 0 7/14 16:43 3:24 0:33
Eric Wellwood 0 0 0 0 0 1 2 0 0 0 0/0 9:11 0:00 0:00
Jared Spurgeon 0 0 0 1 2 2 0 0 0 0 0/0 12:42 0:00 0:00
Jeff Skinner 0 1 1 0 0 1 1 0 0 0 0/0 12:21 0:00 0:00
Joe Colborne 1 0 1 0 0 2 4 0 0 0 3/4 12:42 0:00 0:21
Max Friberg 0 0 0 0 0 0 0 0 1 0 0/1 9:32 0:00 0:21
Mike Green 0 1 1 0 0 0 0 2 0 0 0/0 26:00 4:02 1:19
Nail Yakupov 0 0 0 0 0 2 3 0 0 0 1/2 16:03 3:24 0:00
Nicklas Backstrom 0 2 2 2 0 2 1 0 0 0 20/21 20:14 4:32 0:00
Nikita Zaitsev 0 0 0 1 0 1 0 0 0 1 0/0 21:22 3:54 0:40
Patrick Kane 2 0 2 2 0 7 1 0 0 0 0/0 21:21 4:32 1:06
PK Subban 0 0 0 0 0 1 4 3 0 0 0/0 26:00 4:02 1:19
Sergey Kalinin 0 0 0 0 0 2 2 0 0 0 4/8 10:21 0:00 1:05
Taylor Hall 0 1 1 2 0 2 1 0 2 0 3/4 20:10 4:32 0:00
3 Stars
1 - Patrick Kane (Was)
2 - Cory Schneider (Was)
3 - Nicklas Backstrom (Was)
Power Play
Islanders - 0 on 1 Attempt(s) - 0.00%
Capitals - 0 on 4 Attempt(s) - 0.00%
Penalty Kill
Islanders - 4 on 4 Attempt(s) - 100.00%
- Score 0 goal in Penalty Kill
Capitals - 1 on 1 Attempt(s) - 100.00%
- Score 0 goal in Penalty Kill
Team Stat
Islanders - Hits : 20 - Faceoff Wins : 16 - Blocked Shots : 10 - Penalty Minutes : 8
Capitals - Hits : 24 - Faceoff Wins : 38 - Blocked Shots : 9 - Penalty Minutes : 2
Official
Referees : Gord Dwyer and Furman South
Linesman : Travis Gawryletz and Greg Devorski
Game Notes
Pierre-Edouard Bellemare is injured at 17:26 of 3rd period (Bruised Left Shoulder)
Finance
Level 1 -- Attendance: 5676 (94.60%) -- Ticket Income $567,600
Level 2 -- Attendance: 4687 (93.74%) -- Ticket Income $281,220
Level 3 -- Attendance: 2000 (100.00%) -- Ticket Income $70,000
Level 4 -- Attendance: 3607 (90.18%) -- Ticket Income $90,175
Luxury Box -- Attendance: 1000 (100.00%) -- Ticket Income $200,000
Game was played at the Capital One Arena.
Total Attendance: 16970 (94.28%)
Total Ticket Income: $1,208,995
Other Income: $181,349
Total Income: $1,390,344
Islanders
5 vs 5 Forward
Center Left Wing Right Wing Time % Phy DF OF
1 Frans Nielsen Brock McGinn Vladimir Tarasenko 40 1 2 2
2 Pierre-Edouard Bellemare Sergei Plotnikov Rick Nash 30 1 2 2
3 Melker Karlsson Emerson Etem Craig Smith 20 1 2 2
4 Michael Latta Carl Klingberg Andrew Shaw 10 1 2 2
5 vs 5 Defense
Defense Defense Time % Phy DF OF
1 Ryan Ellis Yann Sauvé 40 1 2 2
2 Wes O'Neill Nikita Zadorov 30 1 2 2
3 Justin Falk Dylan McIlrath 20 1 2 2
4 Ryan Ellis Yann Sauvé 10 1 2 2
PowerPlay Forward
Center Left Wing Right Wing Time % Phy DF OF
1 Frans Nielsen Brock McGinn Vladimir Tarasenko 60 1 2 2
2 Pierre-Edouard Bellemare Sergei Plotnikov Rick Nash 40 1 2 2
PowerPlay Defense
Defense Defense Time % Phy DF OF
1 Ryan Ellis Yann Sauvé 60 1 2 2
2 Wes O'Neill Nikita Zadorov 40 1 2 2
Penalty Kill 4 Players Forward
Center Wing Time % Phy DF OF
1 Vladimir Tarasenko Rick Nash 60 1 2 2
2 Frans Nielsen Pierre-Edouard Bellemare 40 1 2 2
Penalty Kill 4 Players Defense
Defense Defense Time % Phy DF OF
1 Ryan Ellis Yann Sauvé 60 1 2 2
2 Wes O'Neill Nikita Zadorov 40 1 2 2
Penalty Kill - 3 Players Forward
Forward Time % Phy DF OF
1 Vladimir Tarasenko 60 1 2 2
2 Rick Nash 40 1 2 2
Penalty Kill - 3 Players Defense
Defense Defense Time % Phy DF OF
1 Ryan Ellis Yann Sauvé 60 1 2 2
2 Wes O'Neill Nikita Zadorov 40 1 2 2
4 vs 4 Forward
Center Wing Time % Phy DF OF
1 Vladimir Tarasenko Rick Nash 60 1 2 2
2 Frans Nielsen Pierre-Edouard Bellemare 40 1 2 2
4 vs 4 Defense
Defense Defense Time % Phy DF OF
1 Ryan Ellis Yann Sauvé 60 1 2 2
2 Wes O'Neill Nikita Zadorov 40 1 2 2
Last Minutes Offensive
Center Left Wing Right Wing Defense Defense
Frans Nielsen Brock McGinn Vladimir Tarasenko Ryan Ellis Yann Sauvé
Last Minutes Defensive
Center Left Wing Right Wing Defense Defense
Frans Nielsen Brock McGinn Vladimir Tarasenko Ryan Ellis Yann Sauvé
Goaltenders
Starting : Marc-André Fleury
Backup : Cam Ward
Extra Forwards
Normal : Melker Karlsson, Michael Latta, Emerson Etem - PP : Melker Karlsson, Michael Latta - PK : Emerson Etem
Extra Defensemen
Normal : Justin Falk, Dylan McIlrath, Wes O'Neill - PP : Justin Falk - PK : Dylan McIlrath, Wes O'Neill
Penalty Shots
Vladimir Tarasenko, Rick Nash, Frans Nielsen, Pierre-Edouard Bellemare, Brock McGinn
Scratches
Christian Fischer (Healthy), Kellan Lain (Healthy), Brenden Dillon (Healthy)
Capitals
5 vs 5 Forward
Center Left Wing Right Wing Time % Phy DF OF
1 Nicklas Backstrom Taylor Hall Patrick Kane 35 0 0 5
2 Cody Hodgson Blake Pietila Nail Yakupov 30 0 0 5
3 Joe Colborne Jeff Skinner Brian Ferlin 20 0 1 4
4 Sergey Kalinin Eric Wellwood Max Friberg 15 0 2 3
5 vs 5 Defense
Defense Defense Time % Phy DF OF
1 PK Subban Mike Green 40 0 2 3
2 Alexei Marchenko Nikita Zaitsev 30 0 2 3
3 Ben Hutton Jared Spurgeon 20 0 2 3
4 PK Subban Mike Green 10 0 2 3
PowerPlay Forward
Center Left Wing Right Wing Time % Phy DF OF
1 Nicklas Backstrom Taylor Hall Patrick Kane 60 0 0 5
2 Cody Hodgson Blake Pietila Nail Yakupov 40 0 0 5
PowerPlay Defense
Defense Defense Time % Phy DF OF
1 PK Subban Mike Green 60 0 1 4
2 Alexei Marchenko Nikita Zaitsev 40 0 2 3
Penalty Kill 4 Players Forward
Center Wing Time % Phy DF OF
1 Sergey Kalinin Patrick Kane 60 0 4 1
2 Joe Colborne Max Friberg 40 0 4 1
Penalty Kill 4 Players Defense
Defense Defense Time % Phy DF OF
1 PK Subban Mike Green 60 0 4 1
2 Alexei Marchenko Nikita Zaitsev 40 0 4 1
Penalty Kill - 3 Players Forward
Forward Time % Phy DF OF
1 Patrick Kane 60 0 5 0
2 Sergey Kalinin 40 0 5 0
Penalty Kill - 3 Players Defense
Defense Defense Time % Phy DF OF
1 PK Subban Mike Green 60 0 5 0
2 Alexei Marchenko Nikita Zaitsev 40 0 5 0
4 vs 4 Forward
Center Wing Time % Phy DF OF
1 Patrick Kane Taylor Hall 60 0 0 5
2 Nicklas Backstrom Cody Hodgson 40 0 0 5
4 vs 4 Defense
Defense Defense Time % Phy DF OF
1 PK Subban Mike Green 60 0 2 3
2 Alexei Marchenko Nikita Zaitsev 40 0 2 3
Last Minutes Offensive
Center Left Wing Right Wing Defense Defense
Nicklas Backstrom Taylor Hall Patrick Kane PK Subban Mike Green
Last Minutes Defensive
Center Left Wing Right Wing Defense Defense
Sergey Kalinin Blake Pietila Patrick Kane PK Subban Alexei Marchenko
Goaltenders
Starting : Cory Schneider
Backup : Chet Pickard
Extra Forwards
Normal : Patrick Kane, Taylor Hall, Nicklas Backstrom - PP : Taylor Hall, Patrick Kane - PK : Patrick Kane
Extra Defensemen
Normal : PK Subban, Mike Green, Alexei Marchenko - PP : PK Subban - PK : Alexei Marchenko, Nikita Zaitsev
Penalty Shots
Cody Hodgson, Taylor Hall, Patrick Kane, Nail Yakupov, Nicklas Backstrom
Scratches
Brad Richardson (Healthy), Dmitrij Jaskin (Healthy), Kevin Porter (Healthy), Michael Raffl (Healthy)
% Time on Ice - Islanders
Lines # - Real PCT - Wanted PCT - Time Play
Normal Forward
1 - 31% - 40% - 15:44
2 - 29% - 30% - 14:28
3 - 25% - 20% - 12:26
4 - 15% - 10% - 7:27
Normal Defense
1 - 37% - 40% - 18:23
2 - 34% - 30% - 16:53
3 - 28% - 20% - 13:51
4 - 2% - 10% - 0:58
PP Forward
1 - 58% - 60% - 1:09
2 - 42% - 40% - 0:50
PP Defense
1 - 51% - 60% - 1:01
2 - 49% - 40% - 0:58
PK Forward
1 - 73% - 60% - 5:47
2 - 27% - 40% - 2:09
PK Defense
1 - 54% - 60% - 4:16
2 - 46% - 40% - 3:40
PK3 Forward
1 - 0% - 60%
2 - 0% - 40%
PK3 Defense
1 - 0% - 60%
2 - 0% - 40%
44 Forward
1 - 0% - 60%
2 - 0% - 40%
44 Defense
1 - 0% - 60%
2 - 0% - 40%
Last Minute Offensive - 0:00
Last Minute Defensive - 0:00
Total
Forward - 60:00
Defense - 60:00
|
% Time on Ice - Capitals
Lines # - Real PCT - Wanted PCT - Time Play
Normal Forward
1 - 32% - 35% - 15:54
2 - 25% - 30% - 12:39
3 - 25% - 20% - 12:21
4 - 18% - 15% - 9:11
Normal Defense
1 - 38% - 40% - 19:07
2 - 34% - 30% - 16:48
3 - 25% - 20% - 12:38
4 - 3% - 10% - 1:32
PP Forward
1 - 57% - 60% - 4:32
2 - 43% - 40% - 3:24
PP Defense
1 - 51% - 60% - 4:02
2 - 49% - 40% - 3:54
PK Forward
1 - 82% - 60% - 1:38
2 - 18% - 40% - 0:21
PK Defense
1 - 66% - 60% - 1:19
2 - 34% - 40% - 0:40
PK3 Forward
1 - 0% - 60%
2 - 0% - 40%
PK3 Defense
1 - 0% - 60%
2 - 0% - 40%
44 Forward
1 - 0% - 60%
2 - 0% - 40%
44 Defense
1 - 0% - 60%
2 - 0% - 40%
Last Minute Offensive - 0:00
Last Minute Defensive - 0:00
Total
Forward - 60:00
Defense - 60:00
|
Play-by-Play
1st period
0:01 of 1st period - Nicklas Backstrom wins face-off versus Frans Nielsen in neutral zone.
0:09 of 1st period - Icing by Ryan Ellis.
0:10 of 1st period - Taylor Hall wins face-off versus Frans Nielsen in Islanders zone.
0:49 of 1st period - Wrist shot by Taylor Hall.
0:49 of 1st period - Shot Misses the Net.
0:51 of 1st period - Wrist shot by Taylor Hall.
0:51 of 1st period - Shot Misses the Net.
0:53 of 1st period - Snap shot by Taylor Hall.
0:53 of 1st period - Deflect By Yann Sauvé.
0:53 of 1st period - Shot Misses the Net.
0:53 of 1st period - Puck is out of play.
0:54 of 1st period - Pierre-Edouard Bellemare wins face-off versus Cody Hodgson in Islanders zone.
1:01 of 1st period - Wrist shot by Rick Nash.
1:01 of 1st period - Stopped by Cory Schneider with a rebound.
1:25 of 1st period - Wrist shot by Joe Colborne.
1:25 of 1st period - Shot Blocked by Nikita Zadorov.
1:51 of 1st period - Snap shot by Carl Klingberg.
1:51 of 1st period - Stopped by Cory Schneider without a rebound.
1:52 of 1st period - Cody Hodgson wins face-off versus Pierre-Edouard Bellemare in Capitals zone.
2:03 of 1st period - Slapshot by Cody Hodgson.
2:03 of 1st period - Stopped by Marc-André Fleury with a rebound.
2:05 of 1st period - Snap shot by Blake Pietila.
2:05 of 1st period - Stopped by Marc-André Fleury without a rebound.
2:06 of 1st period - Melker Karlsson wins face-off versus Joe Colborne in Islanders zone.
2:51 of 1st period - Slapshot by Ryan Ellis.
2:51 of 1st period - Deflect By Vladimir Tarasenko.
2:51 of 1st period - Shot Blocked by Ben Hutton.
2:51 of 1st period - Puck is out of play.
2:52 of 1st period - Sergey Kalinin wins face-off versus Frans Nielsen in Capitals zone.
2:52 of 1st period - Sergey Kalinin is hit by Frans Nielsen.
3:15 of 1st period - Snap shot by Sergey Kalinin.
3:15 of 1st period - Stopped by Marc-André Fleury with a rebound.
3:53 of 1st period - Snap shot by Max Friberg.
3:53 of 1st period - Shot Hit the Post.
4:07 of 1st period - Snap shot by Sergey Kalinin.
4:07 of 1st period - Stopped by Marc-André Fleury with a rebound.
4:27 of 1st period - Snap shot by Brock McGinn.
4:27 of 1st period - Stopped by Cory Schneider without a rebound.
4:28 of 1st period - Pierre-Edouard Bellemare wins face-off versus Nicklas Backstrom in Capitals zone.
4:55 of 1st period - PK Subban is hit by Yann Sauvé.
5:15 of 1st period - Jeff Skinner is hit by Carl Klingberg and loses puck.
7:22 of 1st period - Slapshot by Nicklas Backstrom.
7:22 of 1st period - Stopped by Marc-André Fleury with a rebound.
7:32 of 1st period - Sergei Plotnikov is hit by Sergey Kalinin and loses puck.
7:55 of 1st period - PK Subban is hit by Yann Sauvé and loses puck.
8:35 of 1st period - Icing by Nikita Zadorov.
8:36 of 1st period - Melker Karlsson wins face-off versus Max Friberg in Islanders zone.
9:03 of 1st period - Brock McGinn is hit by Nail Yakupov and loses puck.
9:08 of 1st period - Slapshot by Blake Pietila.
9:08 of 1st period - Stopped by Marc-André Fleury with a rebound.
9:24 of 1st period - Frans Nielsen is hit by Joe Colborne and loses puck.
9:52 of 1st period - Snap shot by Sergei Plotnikov.
9:52 of 1st period - Shot Misses the Net.
10:18 of 1st period - Snap shot by Emerson Etem.
10:18 of 1st period - Stopped by Cory Schneider without a rebound.
10:19 of 1st period - Nicklas Backstrom wins face-off versus Melker Karlsson in Capitals zone.
10:46 of 1st period - Mike Green is hit by Carl Klingberg and loses puck.
10:53 of 1st period - Slapshot by Michael Latta.
10:53 of 1st period - Shot Blocked by PK Subban.
11:14 of 1st period - Off-side.
11:15 of 1st period - Nicklas Backstrom wins face-off versus Frans Nielsen in neutral zone.
11:43 of 1st period - Minor Penalty to Rick Nash for Interference.
11:44 of 1st period - Nicklas Backstrom wins face-off versus Vladimir Tarasenko in Islanders zone.
11:47 of 1st period - Snap shot by Patrick Kane.
11:47 of 1st period - Stopped by Marc-André Fleury with a rebound.
12:11 of 1st period - Taylor Hall is hit by Vladimir Tarasenko and loses puck.
12:48 of 1st period - Backhand shot by Nicklas Backstrom.
12:48 of 1st period - Stopped by Marc-André Fleury without a rebound.
12:49 of 1st period - Vladimir Tarasenko wins face-off versus Cody Hodgson in Islanders zone.
12:49 of 1st period - Vladimir Tarasenko is hit by Blake Pietila.
13:43 of 1st period - Penalty to Rick Nash is over, Rick Nash is back on ice.
14:05 of 1st period - Minor Penalty to Rick Nash for High sticking.
14:06 of 1st period - Cody Hodgson wins face-off versus Vladimir Tarasenko in Islanders zone.
14:13 of 1st period - Backhand shot by Nail Yakupov.
14:13 of 1st period - Stopped by Marc-André Fleury with a rebound.
15:34 of 1st period - Cody Hodgson is hit by Ryan Ellis and loses puck.
16:05 of 1st period - Penalty to Rick Nash is over, Rick Nash is back on ice.
17:10 of 1st period - Wrist shot by Michael Latta.
17:10 of 1st period - Shot Misses the Net.
17:12 of 1st period - Snap shot by Andrew Shaw.
17:12 of 1st period - Shot Blocked by Alexei Marchenko.
17:14 of 1st period - Slapshot by Wes O'Neill.
17:14 of 1st period - Shot Blocked by Alexei Marchenko.
17:44 of 1st period - Mike Green is hit by Craig Smith and loses puck.
17:48 of 1st period - Icing by Sergey Kalinin.
17:49 of 1st period - Melker Karlsson wins face-off versus Sergey Kalinin in Capitals zone.
17:53 of 1st period - Wrist shot by Emerson Etem.
17:53 of 1st period - Shot Blocked by PK Subban.
18:01 of 1st period - Wrist shot by Craig Smith.
18:01 of 1st period - Stopped by Cory Schneider with a rebound.
18:03 of 1st period - Snap shot by Craig Smith.
18:03 of 1st period - Stopped by Cory Schneider with a rebound.
18:23 of 1st period - Brock McGinn is hit by Taylor Hall and loses puck.
19:07 of 1st period - Slapshot by Nikita Zaitsev.
19:07 of 1st period - Stopped by Marc-André Fleury without a rebound.
19:08 of 1st period - Frans Nielsen wins face-off versus Cody Hodgson in Islanders zone.
Goals for this period are 0 for Islanders vs 0 for Capitals.
Shots for this period are 6 for Islanders vs 10 for Capitals.
2nd period
0:01 of 2nd period - Taylor Hall wins face-off versus Frans Nielsen in neutral zone.
0:04 of 2nd period - Yann Sauvé is hit by Patrick Kane and loses puck.
0:23 of 2nd period - Brock McGinn is hit by PK Subban and loses puck.
0:58 of 2nd period - Snap shot by Patrick Kane.
0:58 of 2nd period - Stopped by Marc-André Fleury with a rebound.
1:28 of 2nd period - Snap shot by Patrick Kane.
1:28 of 2nd period - Stopped by Marc-André Fleury without a rebound.
1:29 of 2nd period - Cody Hodgson wins face-off versus Pierre-Edouard Bellemare in Islanders zone.
2:00 of 2nd period - Wrist shot by Pierre-Edouard Bellemare.
2:00 of 2nd period - Stopped by Cory Schneider without a rebound.
2:01 of 2nd period - Sergey Kalinin wins face-off versus Melker Karlsson in Capitals zone.
2:05 of 2nd period - Off-side.
2:06 of 2nd period - Melker Karlsson wins face-off versus Cody Hodgson in neutral zone.
2:41 of 2nd period - Snap shot by Rick Nash.
2:41 of 2nd period - Shot Misses the Net.
3:03 of 2nd period - Yann Sauvé is hit by Eric Wellwood and loses puck.
4:02 of 2nd period - Wrist shot by Jared Spurgeon.
4:02 of 2nd period - Stopped by Marc-André Fleury without a rebound.
4:03 of 2nd period - Cody Hodgson wins face-off versus Pierre-Edouard Bellemare in Islanders zone.
4:14 of 2nd period - Snap shot by Cody Hodgson.
4:14 of 2nd period - Stopped by Marc-André Fleury with a rebound.
4:40 of 2nd period - Ryan Ellis is hit by Cody Hodgson and loses puck.
4:51 of 2nd period - Snap shot by Rick Nash.
4:51 of 2nd period - Stopped by Cory Schneider with a rebound.
4:53 of 2nd period - Wrist shot by Rick Nash.
4:53 of 2nd period - Stopped by Cory Schneider with a rebound.
4:55 of 2nd period - Wrist shot by Sergei Plotnikov.
4:55 of 2nd period - Stopped by Cory Schneider without a rebound.
4:56 of 2nd period - Nicklas Backstrom wins face-off versus Vladimir Tarasenko in Capitals zone.
4:56 of 2nd period - Nicklas Backstrom is hit by Brock McGinn.
5:13 of 2nd period - Slapshot by Brock McGinn.
5:13 of 2nd period - Stopped by Cory Schneider with a rebound.
5:43 of 2nd period - Patrick Kane is hit by Justin Falk.
6:26 of 2nd period - Wrist shot by Michael Latta.
6:26 of 2nd period - Stopped by Cory Schneider without a rebound.
6:27 of 2nd period - Frans Nielsen wins face-off versus Cody Hodgson in Capitals zone.
6:28 of 2nd period - Snap shot by Vladimir Tarasenko.
6:28 of 2nd period - Shot Misses the Net.
6:54 of 2nd period - Yann Sauvé is hit by Joe Colborne and loses puck.
8:17 of 2nd period - Icing by Sergey Kalinin.
8:18 of 2nd period - Frans Nielsen wins face-off versus Sergey Kalinin in Capitals zone.
8:23 of 2nd period - Wrist shot by Brock McGinn.
8:23 of 2nd period - Deflect By Vladimir Tarasenko.
8:23 of 2nd period - Shot Misses the Net.
8:23 of 2nd period - Puck is out of play.
8:24 of 2nd period - Cody Hodgson wins face-off versus Frans Nielsen in Capitals zone.
8:24 of 2nd period - Cody Hodgson is hit by Vladimir Tarasenko.
8:30 of 2nd period - Snap shot by Nail Yakupov.
8:30 of 2nd period - Shot Misses the Net.
8:48 of 2nd period - Off-side.
8:49 of 2nd period - Rick Nash wins face-off versus Taylor Hall in neutral zone.
8:51 of 2nd period - Off-side.
8:52 of 2nd period - Nicklas Backstrom wins face-off versus Pierre-Edouard Bellemare in neutral zone.
9:17 of 2nd period - Snap shot by Patrick Kane.
9:17 of 2nd period - Stopped by Marc-André Fleury with a rebound.
9:19 of 2nd period - Snap shot by Taylor Hall.
9:19 of 2nd period - Deflect By Ryan Ellis.
9:19 of 2nd period - Shot Blocked by Rick Nash.
9:19 of 2nd period - Puck is out of play.
9:20 of 2nd period - Frans Nielsen wins face-off versus Cody Hodgson in Islanders zone.
9:25 of 2nd period - Wrist shot by Vladimir Tarasenko.
9:25 of 2nd period - Stopped by Cory Schneider without a rebound.
9:26 of 2nd period - Cody Hodgson wins face-off versus Frans Nielsen in Capitals zone.
9:53 of 2nd period - Slapshot by PK Subban.
9:53 of 2nd period - Shot Misses the Net.
9:59 of 2nd period - Slapshot by Wes O'Neill.
9:59 of 2nd period - Stopped by Cory Schneider with a rebound.
10:21 of 2nd period - Slapshot by Emerson Etem.
10:21 of 2nd period - Goal by Emerson Etem - Islanders : 1 - Capitals : 0.
10:22 of 2nd period - Nicklas Backstrom wins face-off versus Frans Nielsen in neutral zone.
10:37 of 2nd period - Wrist shot by Vladimir Tarasenko.
10:37 of 2nd period - Shot Blocked by Alexei Marchenko.
10:39 of 2nd period - Snap shot by Brock McGinn.
10:39 of 2nd period - Stopped by Cory Schneider with a rebound.
10:40 of 2nd period - Minor Penalty to Frans Nielsen for Roughing.
10:41 of 2nd period - Nicklas Backstrom wins face-off versus Vladimir Tarasenko in Islanders zone.
10:52 of 2nd period - Wrist shot by Patrick Kane.
10:52 of 2nd period - Shot Misses the Net.
12:40 of 2nd period - Penalty to Frans Nielsen is over, Frans Nielsen is back on ice.
13:13 of 2nd period - Alexei Marchenko is hit by Dylan McIlrath and loses puck.
13:52 of 2nd period - Jared Spurgeon is hit by Michael Latta and loses puck.
14:15 of 2nd period - Cody Hodgson is hit by Dylan McIlrath and loses puck.
14:48 of 2nd period - Ryan Ellis is hit by PK Subban and loses puck.
15:15 of 2nd period - Wrist shot by Brock McGinn.
15:15 of 2nd period - Shot Blocked by Mike Green.
15:52 of 2nd period - Snap shot by Patrick Kane.
15:52 of 2nd period - Shot Blocked by Justin Falk.
16:08 of 2nd period - Wes O'Neill is hit by Nail Yakupov.
16:14 of 2nd period - Vladimir Tarasenko is hit by Ben Hutton and loses puck.
16:27 of 2nd period - Cody Hodgson is hit by Vladimir Tarasenko and loses puck.
16:44 of 2nd period - Vladimir Tarasenko is hit by Nail Yakupov and loses puck.
16:55 of 2nd period - Wrist shot by Blake Pietila.
16:55 of 2nd period - Shot Misses the Net.
16:57 of 2nd period - Slapshot by Ben Hutton.
16:57 of 2nd period - Shot Misses the Net.
16:59 of 2nd period - Snap shot by Mike Green.
16:59 of 2nd period - Shot Misses the Net.
17:01 of 2nd period - Slapshot by Nail Yakupov.
17:01 of 2nd period - Stopped by Marc-André Fleury with a rebound.
17:03 of 2nd period - Snap shot by Blake Pietila.
17:03 of 2nd period - Shot Blocked by Dylan McIlrath.
17:13 of 2nd period - Snap shot by Frans Nielsen.
17:13 of 2nd period - Shot Misses the Net.
17:15 of 2nd period - Slapshot by Justin Falk.
17:15 of 2nd period - Stopped by Cory Schneider without a rebound.
17:16 of 2nd period - Nicklas Backstrom wins face-off versus Pierre-Edouard Bellemare in Capitals zone.
17:43 of 2nd period - Brian Ferlin is hit by Craig Smith.
17:53 of 2nd period - Wrist shot by Joe Colborne.
17:53 of 2nd period - Stopped by Marc-André Fleury without a rebound.
17:54 of 2nd period - Nicklas Backstrom wins face-off versus Pierre-Edouard Bellemare in Islanders zone.
18:19 of 2nd period - Craig Smith is hit by Brian Ferlin and loses puck.
18:32 of 2nd period - Snap shot by Joe Colborne.
18:32 of 2nd period - Shot Misses the Net.
19:43 of 2nd period - Off-side.
19:44 of 2nd period - Joe Colborne wins face-off versus Frans Nielsen in neutral zone.
19:57 of 2nd period - Snap shot by Dylan McIlrath.
19:57 of 2nd period - Shot Misses the Net.
19:59 of 2nd period - Minor Penalty to Jared Spurgeon for Roughing.
Goals for this period are 1 for Islanders vs 0 for Capitals.
Shots for this period are 11 for Islanders vs 7 for Capitals.
3rd period
0:01 of 3rd period - Frans Nielsen wins face-off versus Sergey Kalinin in neutral zone.
0:12 of 3rd period - Snap shot by Brock McGinn.
0:12 of 3rd period - Shot Misses the Net.
0:14 of 3rd period - Backhand shot by Brock McGinn.
0:14 of 3rd period - Stopped by Cory Schneider with a rebound.
0:16 of 3rd period - Snap shot by Brock McGinn.
0:16 of 3rd period - Shot Blocked by Mike Green.
0:56 of 3rd period - Joe Colborne is hit by Brock McGinn and loses puck.
1:49 of 3rd period - Nikita Zadorov is hit by PK Subban and loses puck.
1:53 of 3rd period - Icing by Wes O'Neill.
1:54 of 3rd period - Sergey Kalinin wins face-off versus Frans Nielsen in Islanders zone.
1:59 of 3rd period - Penalty to Jared Spurgeon is over, Jared Spurgeon is back on ice.
2:14 of 3rd period - Icing by Nikita Zadorov.
2:15 of 3rd period - Cody Hodgson wins face-off versus Melker Karlsson in Islanders zone.
2:26 of 3rd period - Wrist shot by Blake Pietila.
2:26 of 3rd period - Shot Misses the Net.
3:06 of 3rd period - Wrist shot by Melker Karlsson.
3:06 of 3rd period - Stopped by Cory Schneider with a rebound.
3:08 of 3rd period - Slapshot by Nikita Zadorov.
3:08 of 3rd period - Stopped by Cory Schneider without a rebound.
3:09 of 3rd period - Nicklas Backstrom wins face-off versus Frans Nielsen in Capitals zone.
3:47 of 3rd period - Snap shot by Rick Nash.
3:47 of 3rd period - Deflect By Sergei Plotnikov.
3:47 of 3rd period - Stopped by Cory Schneider without a rebound.
3:48 of 3rd period - Nicklas Backstrom wins face-off versus Rick Nash in Capitals zone.
4:32 of 3rd period - Snap shot by Patrick Kane.
4:32 of 3rd period - Goal by Patrick Kane - Islanders : 1 - Capitals : 1.
4:33 of 3rd period - Frans Nielsen wins face-off versus Cody Hodgson in neutral zone.
4:58 of 3rd period - Frans Nielsen is hit by Sergey Kalinin and loses puck.
5:07 of 3rd period - Wrist shot by Eric Wellwood.
5:07 of 3rd period - Stopped by Marc-André Fleury without a rebound.
5:08 of 3rd period - Nicklas Backstrom wins face-off versus Pierre-Edouard Bellemare in Islanders zone.
6:14 of 3rd period - Snap shot by Blake Pietila.
6:14 of 3rd period - Stopped by Marc-André Fleury without a rebound.
6:15 of 3rd period - Taylor Hall wins face-off versus Michael Latta in Islanders zone.
6:22 of 3rd period - Slapshot by Patrick Kane.
6:22 of 3rd period - Stopped by Marc-André Fleury with a rebound.
6:24 of 3rd period - Slapshot by Nikita Zaitsev.
6:24 of 3rd period - Shot Misses the Net.
6:26 of 3rd period - Snap shot by Patrick Kane.
6:26 of 3rd period - Shot Blocked by Carl Klingberg.
6:28 of 3rd period - Slapshot by Alexei Marchenko.
6:28 of 3rd period - Shot Misses the Net.
6:30 of 3rd period - Snap shot by Nicklas Backstrom.
6:30 of 3rd period - Shot Misses the Net.
6:42 of 3rd period - Brian Ferlin is hit by Frans Nielsen and loses puck.
6:51 of 3rd period - Wrist shot by Frans Nielsen.
6:51 of 3rd period - Stopped by Cory Schneider with a rebound.
6:53 of 3rd period - Wrist shot by Brock McGinn.
6:53 of 3rd period - Stopped by Cory Schneider without a rebound.
6:54 of 3rd period - Nicklas Backstrom wins face-off versus Pierre-Edouard Bellemare in Capitals zone.
7:04 of 3rd period - Slapshot by Ryan Ellis.
7:04 of 3rd period - Stopped by Cory Schneider with a rebound.
7:06 of 3rd period - Snap shot by Rick Nash.
7:06 of 3rd period - Stopped by Cory Schneider without a rebound.
7:07 of 3rd period - Nicklas Backstrom wins face-off versus Frans Nielsen in Capitals zone.
8:33 of 3rd period - Minor Penalty to Michael Latta for Hooking.
8:34 of 3rd period - Nicklas Backstrom wins face-off versus Vladimir Tarasenko in Islanders zone.
8:41 of 3rd period - Slapshot by Patrick Kane.
8:41 of 3rd period - Shot Blocked by Yann Sauvé.
8:43 of 3rd period - Slapshot by Alexei Marchenko.
8:43 of 3rd period - Stopped by Marc-André Fleury with a rebound.
8:45 of 3rd period - Backhand shot by Nikita Zaitsev.
8:45 of 3rd period - Deflect By Taylor Hall.
8:45 of 3rd period - Stopped by Marc-André Fleury with a rebound.
8:47 of 3rd period - Snap shot by Nicklas Backstrom.
8:47 of 3rd period - Deflect By Patrick Kane.
8:47 of 3rd period - Shot Blocked by Yann Sauvé.
8:47 of 3rd period - Puck is out of play.
8:48 of 3rd period - Nicklas Backstrom wins face-off versus Vladimir Tarasenko in Islanders zone.
10:33 of 3rd period - Penalty to Michael Latta is over, Michael Latta is back on ice.
10:34 of 3rd period - Icing by Mike Green.
10:35 of 3rd period - Nail Yakupov wins face-off versus Michael Latta in Capitals zone.
10:45 of 3rd period - Icing by Brian Ferlin.
10:46 of 3rd period - Joe Colborne wins face-off versus Frans Nielsen in Capitals zone.
10:51 of 3rd period - Backhand shot by PK Subban.
10:51 of 3rd period - Stopped by Marc-André Fleury with a rebound.
11:01 of 3rd period - Frans Nielsen is hit by Joe Colborne and loses puck.
11:52 of 3rd period - Nikita Zadorov is hit by Jeff Skinner and loses puck.
12:38 of 3rd period - Melker Karlsson is hit by Joe Colborne and loses puck.
12:43 of 3rd period - Snap shot by Jeff Skinner.
12:43 of 3rd period - Stopped by Marc-André Fleury with a rebound.
12:45 of 3rd period - Slapshot by Jared Spurgeon.
12:45 of 3rd period - Shot Misses the Net.
12:47 of 3rd period - Snap shot by Jeff Skinner.
12:47 of 3rd period - Shot Blocked by Nikita Zadorov.
13:21 of 3rd period - Snap shot by Wes O'Neill.
13:21 of 3rd period - Stopped by Cory Schneider with a rebound.
13:54 of 3rd period - Snap shot by Joe Colborne.
13:54 of 3rd period - Goal by Joe Colborne - Islanders : 1 - Capitals : 2.
13:55 of 3rd period - Nicklas Backstrom wins face-off versus Brock McGinn in neutral zone.
13:58 of 3rd period - Slapshot by Mike Green.
13:58 of 3rd period - Deflect By Patrick Kane.
13:58 of 3rd period - Goal by Patrick Kane - Islanders : 1 - Capitals : 3.
13:59 of 3rd period - Nicklas Backstrom wins face-off versus Frans Nielsen in neutral zone.
14:06 of 3rd period - Patrick Kane is hit by Brock McGinn and loses puck.
14:25 of 3rd period - Yann Sauvé is hit by PK Subban and loses puck.
14:50 of 3rd period - Slapshot by Andrew Shaw.
14:50 of 3rd period - Stopped by Cory Schneider without a rebound.
14:51 of 3rd period - Carl Klingberg wins face-off versus Sergey Kalinin in Capitals zone.
14:52 of 3rd period - Slapshot by Michael Latta.
14:52 of 3rd period - Stopped by Cory Schneider with a rebound.
14:54 of 3rd period - Slapshot by Justin Falk.
14:54 of 3rd period - Shot Blocked by PK Subban.
15:04 of 3rd period - Slapshot by Michael Latta.
15:04 of 3rd period - Deflect By Carl Klingberg.
15:04 of 3rd period - Stopped by Cory Schneider with a rebound.
15:18 of 3rd period - Justin Falk is hit by Nicklas Backstrom.
15:25 of 3rd period - Snap shot by Nicklas Backstrom.
15:25 of 3rd period - Shot Misses the Net.
15:27 of 3rd period - Snap shot by Taylor Hall.
15:27 of 3rd period - Stopped by Marc-André Fleury with a rebound.
15:29 of 3rd period - Slapshot by Alexei Marchenko.
15:29 of 3rd period - Shot Blocked by Justin Falk.
16:23 of 3rd period - Dylan McIlrath is hit by Eric Wellwood and loses puck.
17:13 of 3rd period - Slapshot by Patrick Kane.
17:13 of 3rd period - Shot Blocked by Nikita Zadorov.
17:15 of 3rd period - Slapshot by Jared Spurgeon.
17:15 of 3rd period - Stopped by Marc-André Fleury without a rebound.
17:16 of 3rd period - Pierre-Edouard Bellemare wins face-off versus Nail Yakupov in Islanders zone.
17:25 of 3rd period - Pierre-Edouard Bellemare is hit by Blake Pietila and loses puck.
17:26 of 3rd period - Pierre-Edouard Bellemare from Islanders is injured at 17:26 of 3rd period (Bruised Left Shoulder).
17:27 of 3rd period - Nicklas Backstrom wins face-off versus Frans Nielsen in Islanders zone.
18:03 of 3rd period - Eric Wellwood is hit by Yann Sauvé.
18:17 of 3rd period - Snap shot by Ryan Ellis.
18:17 of 3rd period - Stopped by Cory Schneider without a rebound.
18:18 of 3rd period - Joe Colborne wins face-off versus Michael Latta in Capitals zone.
18:47 of 3rd period - Snap shot by Melker Karlsson.
18:47 of 3rd period - Stopped by Cory Schneider without a rebound.
18:48 of 3rd period - Sergey Kalinin wins face-off versus Melker Karlsson in Capitals zone.
Goals for this period are 0 for Islanders vs 3 for Capitals.
Shots for this period are 14 for Islanders vs 12 for Capitals.